[Event "ICC tourney 2351 (30 5)"]
[Site "Internet Chess Club"]
[Date "2021.01.30"]
[Round "1"]
[White "WaileaS"]
[Black "saphtroyl"]
[Result "1-0"]
[ICCResult "Black checkmated"]
[WhiteElo "1027"]
[BlackElo "774"]
[Opening "Scandinavian defense"]
[ECO "B01"]
[NIC "SD.03"]
[Time "10:08:24"]
[PlyCount "41"]
[TimeControl "1800+5"]

1. e4 d5 2. exd5 Nf6 3. Bc4 Nxd5 4. Bxd5 Qxd5 5. Nc3 Qe5+ 6. Nge2 Bf5 7. d4
Qd6 8. Bf4 Qd7 9. O-O Nc6 10. d5 Nb4 11. Rc1 Bxc2 12. Rxc2 Nxc2 13. Qxc2 e6
14. dxe6 Qe7 15. exf7+ Qxf7 16. Re1 O-O-O 17. Nb5 Kb8 18. Bxc7+ Ka8 19.
Bxd8 Bc5 20. Qxc5 Rxd8 21. Qxa7# { Black checkmated } 1-0

[Event "ICC tourney 2351 (30 5)"]
[Site "Internet Chess Club"]
[Date "2021.01.30"]
[Round "1"]
[White "Aidan04"]
[Black "Thisguy314"]
[Result "1-0"]
[ICCResult "Black resigns"]
[WhiteElo "831"]
[BlackElo "1063"]
[Opening "Giuoco Pianissimo: Italian four knights variation"]
[ECO "C47"]
[NIC "KP.06"]
[Time "10:07:44"]
[PlyCount "33"]
[TimeControl "1800+5"]

1. e4 e5 2. Nf3 Nc6 3. Nc3 Nf6 4. Bc4 Bc5 5. d3 h6 6. Be3 Nd4 7. Nxe5 d6 8.
Nxf7 Qe7 9. Nxh8 Bg4 10. f3 Bh5 11. Qd2 Bxf3 12. Bxd4 Bxd4 13. gxf3 O-O-O
14. Ng6 Qe8 15. Nf4 g5 16. Ne6 Rd7 17. Nxd4 { Black resigns } 1-0

[Event "ICC tourney 2351 (30 5)"]
[Site "Internet Chess Club"]
[Date "2021.01.30"]
[Round "1"]
[White "chess4bigbrain"]
[Black "August2012"]
[Result "1-0"]
[ICCResult "Black resigns"]
[WhiteElo "1160"]
[BlackElo "930"]
[Opening "Two knights defense"]
[ECO "C57"]
[NIC "KP.01"]
[Time "10:08:22"]
[PlyCount "59"]
[TimeControl "1800+5"]

1. e4 e5 2. Bc4 Nf6 3. Nf3 Nc6 4. Ng5 d5 5. exd5 Nxd5 6. Qf3 Be6 7. Nxe6
fxe6 8. O-O Qf6 9. Bxd5 exd5 10. Qxd5 Nd4 11. Nc3 Bd6 12. d3 O-O-O 13. Be3
Nxc2 14. Rac1 Nb4 15. Qa5 Nxd3 16. Rcd1 Nxb2 17. Rb1 Nc4 18. Qxa7 Kd7 19.
Qa4+ Ke7 20. Qxc4 Ke8 21. Qg4 Be7 22. Rxb7 Kf7 23. Qc4+ Ke8 24. Nd5 Qd6 25.
Rd1 Qg6 26. Nxc7+ Kf8 27. Ne6+ Qxe6 28. Rxd8+ Kf7 29. Qxe6+ Kxe6 30. Rxh8 {
Black resigns } 1-0

[Event "ICC tourney 2351 (30 5)"]
[Site "Internet Chess Club"]
[Date "2021.01.30"]
[Round "1"]
[White "AdamD06"]
[Black "SABHEMischler"]
[Result "1-0"]
[ICCResult "Black resigns"]
[WhiteElo "1018"]
[BlackElo "628"]
[Opening "two knights defense: Fegatello attack"]
[ECO "C57"]
[NIC "KP.01"]
[Time "10:07:54"]
[PlyCount "67"]
[TimeControl "1800+5"]

1. e4 e5 2. Nf3 Nc6 3. Bc4 Nf6 4. Ng5 d5 5. exd5 Nxd5 6. Nxf7 Kxf7 7. Qf3+
Qf6 8. Qxd5+ Be6 9. Qd7+ Be7 10. Nc3 Bxc4 11. Qxc7 Rhf8 12. d3 Bd5 13. Nxd5
Qe6 14. Nxe7 Nxe7 15. Qxb7 Kg8 16. O-O Nf5 17. Bd2 a5 18. Rae1 Rab8 19. Qe4
Rbe8 20. f4 Nd6 21. Qxe5 Qxe5 22. fxe5 Rxf1+ 23. Kxf1 Nb7 24. d4 a4 25. b3
axb3 26. axb3 h5 27. c4 Nd8 28. d5 Nb7 29. b4 Rc8 30. Re4 Re8 31. Ke2 Nd6
32. Re3 Nxc4 33. Re4 Nxe5 34. Bc3 { Black resigns } 1-0

[Event "ICC tourney 2351 (30 5)"]
[Site "Internet Chess Club"]
[Date "2021.01.30"]
[Round "1"]
[White "LionsDavidM"]
[Black "GibsonH"]
[Result "0-1"]
[ICCResult "White checkmated"]
[WhiteElo "913"]
[BlackElo "1099"]
[Opening "Sicilian"]
[ECO "B56"]
[NIC "SI.25"]
[Time "10:08:24"]
[PlyCount "122"]
[TimeControl "1800+5"]

1. e4 c5 2. Nf3 d6 3. d4 cxd4 4. Nxd4 Nf6 5. Nc3 Nc6 6. Be3 e6 7. Bb5 Bd7
8. O-O a6 9. Ba4 Be7 10. Re1 O-O 11. Qf3 Nxd4 12. Bxd4 Bxa4 13. Nxa4 Qc7
14. Nc3 Qc6 15. Re3 Rfe8 16. Rd3 d5 17. e5 Ne4 18. Qe3 b5 19. Nxe4 dxe4 20.
Rd2 Red8 21. Rad1 h6 22. Qg3 Bc5 23. Bxc5 Rxd2 24. Rxd2 Qxc5 25. h3 Qb4 26.
Re2 Rd8 27. Qc3 Qxc3 28. bxc3 Rc8 29. Re3 Kf8 30. Kh2 Ke7 31. Kg3 f6 32.
exf6+ gxf6 33. Kf4 Kf7 34. Kxe4 Rc4+ 35. Kf3 e5 36. g4 Kg6 37. Re4 Rxc3+
38. Kg2 Ra3 39. c4 bxc4 40. Rxc4 Rxa2 41. Rc6 a5 42. Kg3 Kg5 43. Ra6 Ra3+
44. Kg2 a4 45. Ra8 Kh4 46. Kh2 Rxh3+ 47. Kg2 Ra3 48. Kf1 Kxg4 49. Kg2 e4
50. Kf1 Ra1+ 51. Kg2 a3 52. Rf8 f5 53. Rg8+ Kf4 54. Ra8 a2 55. Ra7 h5 56.
Rh7 Rg1+ 57. Kxg1 a1=Q+ 58. Kg2 e3 59. fxe3+ Kxe3 60. Rxh5 Qb2+ 61. Kf1
Qf2# { White checkmated } 0-1

[Event "ICC tourney 2351 (30 5)"]
[Site "Internet Chess Club"]
[Date "2021.01.30"]
[Round "1"]
[White "Iankhan"]
[Black "liamluna"]
[Result "1/2-1/2"]
[ICCResult "Game drawn because neither player has mating material"]
[WhiteElo "1084"]
[BlackElo "908"]
[Opening "Sicilian: Grand Prix attack"]
[ECO "B23"]
[NIC "SI.44"]
[Time "10:08:24"]
[PlyCount "175"]
[TimeControl "1800+5"]

1. e4 c5 2. Nc3 Nc6 3. f4 g6 4. Bb5 Bg7 5. Bxc6 bxc6 6. Nf3 d6 7. d3 Nf6 8.
O-O Bg4 9. Be3 O-O 10. Qd2 Rb8 11. Rab1 d5 12. f5 gxf5 13. exf5 Bxf5 14.
Bh6 Bxh6 15. Qxh6 Bg6 16. Ne5 Qd6 17. Nxg6 fxg6 18. Rf3 Ng4 19. Qh4 Nxh2
20. Qxh2 Qxh2+ 21. Kxh2 Rxf3 22. gxf3 d4 23. Na4 Rb4 24. Nxc5 Rb5 25. Ne6
Kf7 26. Nxd4 Rh5+ 27. Kg3 Rg5+ 28. Kf4 Rh5 29. Nxc6 a5 30. Nxa5 Rxa5 31.
Rh1 Kg7 32. a3 Rb5 33. b3 Rf5+ 34. Kg4 h5+ 35. Kg3 Rg5+ 36. Kh4 Rg2 37. c3
Rb2 38. b4 Rb3 39. Rc1 Rxa3 40. Kg5 Ra2 41. b5 Ra3 42. Rb1 Rxc3 43. b6 Rc8
44. b7 Rb8 45. f4 Kf7 46. f5 gxf5 47. Kxf5 h4 48. Kg4 h3 49. Kxh3 Ke6 50.
Kg4 Kd7 51. Kf4 Kc7 52. Ke5 e6 53. Kxe6 Re8+ 54. Kd5 Kb8 55. Kc4 Re6 56. d4
Rc6+ 57. Kd5 Rc7 58. Ke5 Re7+ 59. Kd6 Re8 60. d5 Rd8+ 61. Ke6 Re8+ 62. Kd6
Rd8+ 63. Kc5 Rh8 64. d6 Rh5+ 65. Kc6 Rh8 66. d7 Rd8 67. Kd6 Rh8 68. Ke7
Rh7+ 69. Kd6 Rh6+ 70. Kc5 Rh5+ 71. Kb6 Rh6+ 72. Ka5 Rd6 73. Rb2 Rxd7 74.
Ka6 Rd6+ 75. Rb6 Rd4 76. Rh6 Ra4+ 77. Kb6 Rb4+ 78. Kc6 Rxb7 79. Rh8+ Ka7
80. Rh1 Rb6+ 81. Kc5 Kb7 82. Rh7+ Ka6 83. Rd7 Rb5+ 84. Kc6 Rb6+ 85. Kd5
Rb5+ 86. Ke6 Rb6+ 87. Rd6 Rxd6+ 88. Kxd6 { Game drawn because neither
player has mating material } 1/2-1/2

[Event "ICC tourney 2351 (30 5)"]
[Site "Internet Chess Club"]
[Date "2021.01.30"]
[Round "1"]
[White "Noah7474"]
[Black "NateSAHE"]
[Result "1-0"]
[ICCResult "Black checkmated"]
[WhiteElo "1145"]
[BlackElo "920"]
[Opening "Scandinavian (center counter) defense"]
[ECO "B01"]
[NIC "VO.17"]
[Time "10:08:24"]
[PlyCount "63"]
[TimeControl "1800+5"]

1. e4 d5 2. Bd3 c6 3. exd5 cxd5 4. Nf3 Nf6 5. O-O e6 6. b3 Bc5 7. Bb2 Nbd7
8. a3 b6 9. b4 Bd6 10. Be2 a5 11. b5 O-O 12. d4 Bb7 13. c3 Qc7 14. g3 e5
15. dxe5 Nxe5 16. Nxe5 Bxe5 17. Bf3 Bxc3 18. Bxc3 Rfe8 19. Bxf6 gxf6 20.
Nd2 Qc3 21. Nb3 a4 22. Nd4 Qc4 23. Be2 Qc3 24. Nf5 Bc8 25. Nh6+ Kf8 26. Bg4
Bb7 27. Qb1 d4 28. Qxh7 Ke7 29. Rfe1+ Kd6 30. Nf5+ Kc7 31. Qxf7+ Kd8 32.
Rxe8# { Black checkmated } 1-0

[Event "ICC tourney 2351 (30 5)"]
[Site "Internet Chess Club"]
[Date "2021.01.30"]
[Round "1"]
[White "Gabe1616"]
[Black "mattshaf"]
[Result "0-1"]
[ICCResult "White resigns"]
[WhiteElo "554"]
[BlackElo "979"]
[Opening "QGD: 6.Nf3"]
[ECO "D55"]
[NIC "QO.13"]
[Time "10:08:01"]
[PlyCount "118"]
[TimeControl "1800+5"]

1. d4 d5 2. c4 e6 3. Nc3 Nf6 4. Bg5 Be7 5. Nf3 O-O 6. e3 Nfd7 7. h4 c5 8.
Bd3 Nc6 9. Qc2 g6 10. Bh6 Re8 11. h5 Nb4 12. Qb1 Nb6 13. a3 Nxd3+ 14. Qxd3
dxc4 15. Qc2 Bf8 16. Bxf8 Rxf8 17. dxc5 Nd7 18. Ne4 Qa5+ 19. b4 cxb3+ 20.
Qd2 Qxd2+ 21. Nfxd2 Ne5 22. Nxb3 Nd3+ 23. Ke2 Ne5 24. f4 Nd7 25. Rac1 b6
26. c6 Ba6+ 27. Kf3 Nb8 28. Nd6 Rd8 29. Nb7 Rc8 30. Nd4 Nxc6 31. Rxc6 Bxb7
32. Rc1 gxh5 33. Kf2 Bxc6 34. Nxc6 Rc7 35. Kf3 Rac8 36. Ne7+ Rxe7 37. Rxc8+
Kg7 38. g4 hxg4+ 39. Kxg4 f5+ 40. Kh5 Kf6 41. Kh6 e5 42. Rf8+ Ke6 43. Kg5
exf4 44. exf4 Rf7 45. Re8+ Kd7 46. Rb8 Kc7 47. Rh8 a5 48. Kh6 b5 49. Ra8
Kb6 50. Kg5 b4 51. a4 b3 52. Rb8+ Rb7 53. Rxb7+ Kxb7 54. Kxf5 b2 55. Ke6
b1=Q 56. f5 Qb6+ 57. Ke5 Qd8 58. f6 h5 59. Ke6 h4 { White resigns } 0-1

[Event "ICC tourney 2351 (30 5)"]
[Site "Internet Chess Club"]
[Date "2021.01.30"]
[Round "1"]
[White "paradoxical"]
[Black "Tumi2006"]
[Result "0-1"]
[ICCResult "White checkmated"]
[WhiteElo "1050"]
[BlackElo "827"]
[Opening "Four knights: Spanish, classical defense"]
[ECO "C46"]
[NIC "KP.06"]
[Time "10:07:33"]
[PlyCount "76"]
[TimeControl "1800+5"]

1. e4 e5 2. Nf3 Nc6 3. Nc3 Bc5 4. Bb5 Nf6 5. d3 Ng4 6. O-O O-O 7. Bxc6 dxc6
8. h3 b5 9. Ne2 Nf6 10. Bg5 Be7 11. Nxe5 Nh5 12. Bxe7 Qxe7 13. Nxc6 Qe6 14.
Ncd4 Qe5 15. c3 g5 16. Nf3 Qe7 17. Qd2 h6 18. g4 Ng7 19. Ng3 f5 20. exf5
Nxf5 21. gxf5 Rxf5 22. Nxf5 Bxf5 23. Rfe1 Qd6 24. Kg2 Kh8 25. d4 Rg8 26.
Ne5 Qf6 27. f3 h5 28. Rh1 Rg7 29. Rh2 Kg8 30. Kf2 g4 31. hxg4 hxg4 32. Rg1
Be4 33. Ke1 Bxf3 34. Nxf3 Qxf3 35. Rgh1 Re7+ 36. Re2 Qxh1+ 37. Kf2 Rf7+ 38.
Kg3 Qh3# { White checkmated } 0-1

[Event "ICC tourney 2351 (30 5)"]
[Site "Internet Chess Club"]
[Date "2021.01.30"]
[Round "1"]
[White "ArielB"]
[Black "ChessPandaLu"]
[Result "1-0"]
[ICCResult "Black checkmated"]
[WhiteElo "979"]
[BlackElo "305"]
[Opening "Scotch opening"]
[ECO "C44"]
[NIC "KP.10"]
[Time "10:07:42"]
[PlyCount "123"]
[TimeControl "1800+5"]

1. e4 e5 2. Nf3 Nc6 3. d4 d6 4. dxe5 dxe5 5. Qxd8+ Nxd8 6. Nxe5 Nf6 7. Nc3
Bc5 8. h3 Be6 9. Bd3 Bd4 10. Nf3 Bxc3+ 11. bxc3 O-O 12. O-O h6 13. Bf4 Rc8
14. Rfe1 Re8 15. Rad1 Bxa2 16. c4 b5 17. cxb5 Be6 18. Ra1 c6 19. bxc6 Nxc6
20. Bb5 Re7 21. Bxc6 Rxc6 22. Nd4 Rb6 23. Nxe6 fxe6 24. e5 Nd5 25. Bd2 Rbb7
26. c4 Nb4 27. Rab1 a5 28. Rec1 Red7 29. Bxb4 axb4 30. c5 Rdc7 31. Kh2 Kf7
32. g4 g5 33. Kg3 Ke7 34. c6 Rb6 35. h4 Rc8 36. hxg5 hxg5 37. f4 gxf4+ 38.
Kxf4 Rbxc6 39. Rxc6 Rxc6 40. Rxb4 Rc8 41. Kg5 Rg8+ 42. Kh6 Kf7 43. Rb7+ Kf8
44. Rb8+ Kf7 45. Rxg8 Kxg8 46. Kg6 Kf8 47. Kf6 Kg8 48. Kxe6 Kg7 49. Kd7 Kg6
50. e6 Kg5 51. e7 Kxg4 52. e8=Q Kf4 53. Qe6 Kg3 54. Qf5 Kh4 55. Qg6 Kh3 56.
Qg5 Kh2 57. Qg4 Kh1 58. Ke6 Kh2 59. Ke5 Kh1 60. Kf4 Kh2 61. Kf3 Kh1 62.
Qg2# { Black checkmated } 1-0

[Event "ICC tourney 2351 (30 5)"]
[Site "Internet Chess Club"]
[Date "2021.01.30"]
[Round "1"]
[White "Smittyboy13"]
[Black "SAHEliz"]
[Result "0-1"]
[ICCResult "White checkmated"]
[WhiteElo "808"]
[BlackElo "1035"]
[Opening "QGD: semi-Slav"]
[ECO "D10"]
[NIC "SL.06"]
[Time "10:08:20"]
[PlyCount "56"]
[TimeControl "1800+5"]

1. d4 d5 2. c4 c6 3. Nc3 e6 4. Nf3 f5 5. Bg5 Nf6 6. e3 Bd6 7. c5 Bc7 8. Ne5
Nbd7 9. Bd3 Nxe5 10. dxe5 Bxe5 11. f4 Bc7 12. Be2 O-O 13. g4 Qe7 14. b4 b6
15. Bxf6 Qxf6 16. Qd4 Qh4+ 17. Kf1 fxg4 18. Rg1 Rf7 19. Bxg4 Qxh2 20. a3 e5
21. Qd1 exf4 22. exf4 Rxf4+ 23. Bf3 Ba6+ 24. Ne2 Rxf3+ 25. Ke1 Re8 26. Kd2
Rxe2+ 27. Kc1 Rc3+ 28. Kb1 Rb2# { White checkmated } 0-1

[Event "ICC tourney 2351 (30 5)"]
[Site "Internet Chess Club"]
[Date "2021.01.30"]
[Round "1"]
[White "Gabesw"]
[Black "Sawhadam"]
[Result "0-1"]
[ICCResult "White checkmated"]
[WhiteElo "903"]
[BlackElo "1076"]
[Opening "Sicilian defense"]
[ECO "B20"]
[NIC "SI.48"]
[Time "10:07:33"]
[PlyCount "118"]
[TimeControl "1800+5"]

1. e4 c5 2. Bc4 Nc6 3. Nf3 e6 4. O-O d6 5. d3 Be7 6. Be3 Nf6 7. h3 Bd7 8.
Nc3 Bc8 9. a4 a6 10. b3 d5 11. exd5 exd5 12. Bxd5 Nxd5 13. Nxd5 Qxd5 14. c4
Qd8 15. Re1 O-O 16. Bg5 Bxg5 17. Nxg5 Qxg5 18. Qf3 Ne5 19. Qe4 Bxh3 20. Re3
f5 21. Qd5+ Nf7 22. Rxh3 Rad8 23. Qxb7 Rfe8 24. Qxa6 Rd6 25. Qb7 Rde6 26.
Kh2 Qf4+ 27. g3 Qxf2+ 28. Qg2 Re2 29. Rg1 Ng5 30. a5 Qxg2+ 31. Rxg2 Rxg2+
32. Kxg2 Nxh3 33. Kxh3 Ra8 34. d4 cxd4 35. Kg2 Rxa5 36. Kf3 Ra3 37. Kf4
Rxb3 38. Kxf5 Rxg3 39. Kf4 d3 40. Kxg3 d2 41. Kf4 d1=Q 42. Ke4 Qc2+ 43. Kd4
h5 44. c5 h4 45. Kd5 Qb3+ 46. Kd6 Qb4 47. Kd5 h3 48. c6 Qb5+ 49. Kd6 Qb6
50. Kd7 Qd4+ 51. Kc7 Qa7+ 52. Kd6 Qd4+ 53. Kc7 h2 54. Kb7 h1=Q 55. Kb8 Qb4+
56. Kc7 Qh2+ 57. Kd7 Qhd6+ 58. Ke8 Qf8+ 59. Kd7 Qbd6# { White checkmated }
0-1

[Event "ICC tourney 2351 (30 5)"]
[Site "Internet Chess Club"]
[Date "2021.01.30"]
[Round "1"]
[White "SamuelDaPro7"]
[Black "RichieHeller"]
[Result "0-1"]
[ICCResult "White resigns"]
[WhiteElo "1068"]
[BlackElo "841"]
[Opening "English: Sicilian reversed"]
[ECO "A25"]
[NIC "EO.64"]
[Time "10:40:38"]
[PlyCount "90"]
[TimeControl "1800+5"]

1. c4 Nc6 2. Nc3 e5 3. d3 Bc5 4. Nf3 d6 5. g3 Be6 6. Bg2 Qd7 7. Bd2 a6 8.
b3 Bh3 9. Bxh3 Qxh3 10. e3 Nf6 11. Nd5 Nxd5 12. cxd5 Nb4 13. a3 Nxd3+ 14.
Ke2 e4 15. b4 Qg4 16. Qg1 Qxf3+ 17. Kf1 Nxf2 18. Qxf2 Qxh1+ 19. Qg1 Qxg1+
20. Kxg1 Ba7 21. Bc3 O-O 22. Re1 Rac8 23. Kh1 c6 24. dxc6 Rxc6 25. Bb2 Rc2
26. Ba1 Ra2 27. h3 Rxa3 28. Bd4 Bxd4 29. exd4 Rxg3 30. Rxe4 h6 31. Kh2 Rb3
32. d5 Rc8 33. Re2 Rcc3 34. Re8+ Kh7 35. Re2 Rxh3+ 36. Kg2 Rbf3 37. Re7
Rhg3+ 38. Kh2 h5 39. Rxb7 h4 40. Rb6 Rf2+ 41. Kh1 h3 42. Rxa6 h2 43. Ra1
Rg1+ 44. Rxg1 hxg1=Q+ 45. Kxg1 Rb2 { White resigns } 0-1

[Event "ICC tourney 2351 (30 5)"]
[Site "Internet Chess Club"]
[Date "2021.01.30"]
[Round "1"]
[White "Sah2yazeed"]
[Black "Haleyzhang"]
[Result "0-1"]
[ICCResult "White forfeits on time"]
[WhiteElo "942"]
[BlackElo "1151"]
[Opening "Four knights game"]
[ECO "C47"]
[NIC "KP.06"]
[Time "10:08:24"]
[PlyCount "48"]
[TimeControl "1800+5"]

1. e4 e5 2. Nf3 Nc6 3. Nc3 Nf6 4. d3 Bc5 5. Bg5 h6 6. Bd2 d6 7. Be3 Bb6 8.
Bxb6 axb6 9. Qd2 O-O 10. O-O-O Be6 11. a3 Qd7 12. d4 d5 13. Bd3 dxe4 14.
Nxe4 Nxe4 15. Bxe4 Bg4 16. d5 Ne7 17. h3 Bf5 18. Nxe5 Qd6 19. Nc4 Qc5 20.
Qd3 Bxe4 21. Qxe4 Rfd8 22. b4 Qb5 23. Rd4 Nxd5 24. Rhd1 c6 { White forfeits
on time } 0-1

[Event "ICC tourney 2351 (30 5)"]
[Site "Internet Chess Club"]
[Date "2021.01.30"]
[Round "1"]
[White "nidhi204"]
[Black "Quinlandia"]
[Result "0-1"]
[ICCResult "White forfeits on time"]
[WhiteElo "951"]
[BlackElo "1163"]
[Opening "Giuoco Pianissimo: Italian four knights variation"]
[ECO "C50"]
[NIC "IG.02"]
[Time "10:08:02"]
[PlyCount "100"]
[TimeControl "1800+5"]

1. e4 e5 2. Nf3 Nc6 3. Bc4 Bc5 4. Nc3 Nf6 5. d3 h6 6. O-O O-O 7. h3 d6 8.
Nh2 Be6 9. Bb3 Nd4 10. Ne2 c6 11. Nxd4 Bxd4 12. c3 Bb6 13. Qf3 d5 14. Qg3
Kh8 15. Qxe5 Bc7 16. Qd4 Qd7 17. e5 Nh7 18. Qf4 f6 19. d4 fxe5 20. Qh4 exd4
21. Qxd4 Bxh3 22. Bxh6 Bxh2+ 23. Kxh2 Qd6+ 24. Kg1 Qxh6 25. gxh3 Qxh3 26.
Rfe1 Ng5 27. Bd1 Rf7 28. Re3 Qh6 29. Bg4 Raf8 30. Rf1 Rf4 31. Qd1 Qh4 32.
Rg3 R8f6 33. Kg2 Rh6 34. Rh1 Qxh1+ 35. Qxh1 Rxh1 36. Kxh1 Rxf2 37. Bc8 Ne4
38. Rg4 Rxb2 39. Be6 Nf2+ 40. Kg1 Nxg4 41. Bxg4 Rxa2 42. Bc8 Rb2 43. Kf1
Rb6 44. Ke2 a5 45. Kd2 a4 46. Bf5 a3 47. Kc1 a2 48. Kd2 a1=Q 49. Kd3 Qb1+
50. Kd4 Qxf5 { White forfeits on time } 0-1

[Event "ICC tourney 2351 (30 5)"]
[Site "Internet Chess Club"]
[Date "2021.01.30"]
[Round "1"]
[White "ghalexa"]
[Black "ASmith2010"]
[Result "0-1"]
[ICCResult "White checkmated"]
[WhiteElo "793"]
[BlackElo "1023"]
[Opening "Sicilian: closed"]
[ECO "B23"]
[NIC "SI.44"]
[Time "10:08:24"]
[PlyCount "146"]
[TimeControl "1800+5"]

1. e4 c5 2. Nc3 d6 3. Nf3 Nc6 4. Bc4 Nf6 5. d3 g6 6. Bg5 Bg7 7. Qd2 O-O 8.
O-O Bg4 9. Qe3 Bxf3 10. Qxf3 Nd4 11. Qd1 Bh8 12. Bh6 Re8 13. Nd5 b5 14.
Bxb5 Nxb5 15. Qf3 Nxd5 16. exd5 Nd4 17. Qd1 Bg7 18. Bg5 Nb5 19. c4 Nc7 20.
Rb1 Rb8 21. b3 Rf8 22. Re1 Bf6 23. Bh6 Re8 24. Qd2 e6 25. Re4 exd5 26. cxd5
Nxd5 27. Rbe1 Rxe4 28. Rxe4 Qd7 29. h3 Re8 30. Qe1 Rxe4 31. Qxe4 Qe6 32.
Qf3 Qe5 33. a4 Bg5 34. g4 Bxh6 35. h4 Bg7 36. g5 Qf5 37. Qe2 Nf4 38. Qf3
Nh5 39. Qg2 Qxd3 40. Qb7 Be5 41. Qg2 Nf4 42. Qg4 Qh3 43. Qxh3 Nxh3+ 44. Kg2
Nf4+ 45. Kf3 Nd3 46. Ke3 Nc1 47. Ke4 Nxb3 48. f3 c4 49. Ke3 Bg3 50. Ke4
Bxh4 51. f4 d5+ 52. Ke3 d4+ 53. Ke2 d3+ 54. Kd1 Bg3 55. a5 Nxa5 56. Kd2
Bxf4+ 57. Kc3 Bxg5 58. Kb2 h5 59. Kc3 h4 60. Kb2 h3 61. Kc3 h2 62. Kb2 h1=Q
63. Kc3 Qc1+ 64. Kd4 d2 65. Kc5 d1=Q 66. Kb4 Qb3+ 67. Kc5 Nb7+ 68. Kd5
Qcd1+ 69. Kc6 c3 70. Kc7 c2 71. Kb8 c1=Q 72. Ka8 Qc8+ 73. Kxa7 Qa1# { White
checkmated } 0-1

[Event "ICC tourney 2351 (30 5)"]
[Site "Internet Chess Club"]
[Date "2021.01.30"]
[Round "1"]
[White "crlunag"]
[Black "BigE"]
[Result "0-1"]
[ICCResult "White checkmated"]
[WhiteElo "290"]
[BlackElo "977"]
[Opening "Sicilian defense"]
[ECO "B30"]
[NIC "SI.31"]
[Time "10:48:40"]
[PlyCount "112"]
[TimeControl "1800+5"]

1. e4 c5 2. Nf3 Nc6 3. Bc4 d6 4. Ng5 e6 5. d3 Nf6 6. Nc3 g6 7. O-O Bg7 8.
Be3 O-O 9. Nf3 d5 10. e5 Ng4 11. Bg5 Qb6 12. Bb5 d4 13. Bxc6 dxc3 14. Be7
Qxc6 15. Bxf8 Kxf8 16. bxc3 Nxe5 17. Nxe5 Bxe5 18. d4 Bc7 19. Qg4 Qd6 20.
g3 Qd5 21. f3 Bb6 22. Qh4 cxd4 23. Rad1 dxc3+ 24. Kg2 Qf5 25. Rd8+ Bxd8 26.
Qxd8+ Kg7 27. g4 Qxc2+ 28. Rf2 Qa4 29. h4 Qc6 30. Rf1 c2 31. Rc1 b6 32. Qd2
Bb7 33. Qf2 Rc8 34. h5 g5 35. Qd4+ Kg8 36. Qf2 Qc4 37. h6 Qxg4+ 38. Kf1
Qxf3 39. Qxf3 Bxf3 40. Kf2 Be4 41. Kg3 f5 42. Kf2 g4 43. Kg3 Rc3+ 44. Kf4
g3 45. Ke5 g2 46. Kxe6 Kf8 47. a4 Rg3 48. Rg1 Rg6+ 49. Ke5 Rxh6 50. Kd4 Rh1
51. Rxg2 Bxg2 52. Kc4 c1=Q+ 53. Kb5 Qc6+ 54. Ka6 Bf1+ 55. Kxa7 Qc7+ 56. Ka8
Bg2# { White checkmated } 0-1

[Event "ICC tourney 2351 (30 5)"]
[Site "Internet Chess Club"]
[Date "2021.01.30"]
[Round "2"]
[White "mattshaf"]
[Black "chess4bigbrain"]
[Result "1-0"]
[ICCResult "Black checkmated"]
[WhiteElo "979"]
[BlackElo "1160"]
[Opening "Caro-Kann defense"]
[ECO "B15"]
[NIC "CK.05"]
[Time "12:07:16"]
[PlyCount "57"]
[TimeControl "1800+5"]

1. d4 c6 2. e4 d5 3. Nc3 e6 4. Bd3 f5 5. exf5 exf5 6. Nf3 Nf6 7. O-O Be7 8.
Bg5 O-O 9. Qe2 Re8 10. Ne5 Ng4 11. Bxe7 Rxe7 12. Rfe1 Nd7 13. Bxf5 Ngxe5
14. dxe5 Rxe5 15. Qh5 Rxe1+ 16. Rxe1 Nf6 17. Qh3 Bxf5 18. Qxf5 d4 19. Ne4
Nxe4 20. Qxe4 c5 21. Qxb7 Rb8 22. Qxa7 Rxb2 23. Qxc5 Qb8 24. Qxd4 Rb1 25.
Qd5+ Kh8 26. Qd2 Qe8 27. Kf1 Qc6 28. Qd8+ Qe8 29. Qxe8# { Black checkmated
} 1-0

[Event "ICC tourney 2351 (30 5)"]
[Site "Internet Chess Club"]
[Date "2021.01.30"]
[Round "2"]
[White "Sawhadam"]
[Black "NathanE42"]
[Result "1-0"]
[ICCResult "Black checkmated"]
[WhiteElo "1076"]
[BlackElo "956"]
[Opening "English: Jaenisch gambit"]
[ECO "A10"]
[NIC "EO.64"]
[Time "12:05:27"]
[PlyCount "61"]
[TimeControl "1800+5"]

1. c4 b5 2. cxb5 Bb7 3. Nf3 c6 4. bxc6 Nxc6 5. g3 Qc7 6. Nc3 O-O-O 7. Bg2
Nf6 8. O-O e6 9. a4 a6 10. d3 h6 11. Bf4 Bd6 12. Bxd6 Qxd6 13. Qb1 Ne5 14.
Rd1 Nxf3+ 15. Bxf3 Bxf3 16. exf3 Rde8 17. b4 Kd8 18. b5 axb5 19. axb5 Ke7
20. b6 Qc6 21. Qb4+ d6 22. Rdc1 Qxf3 23. Ra7+ Nd7 24. Nb5 Qxd3 25. Rxd7+
Kxd7 26. Rc7+ Kd8 27. Nxd6 Qd1+ 28. Kg2 Qd5+ 29. f3 Re7 30. Nb7+ Qxb7 31.
Qxe7# { Black checkmated } 1-0

[Event "ICC tourney 2351 (30 5)"]
[Site "Internet Chess Club"]
[Date "2021.01.30"]
[Round "2"]
[White "saphtroyl"]
[Black "paradoxical"]
[Result "0-1"]
[ICCResult "White checkmated"]
[WhiteElo "774"]
[BlackElo "1050"]
[Opening "Queen's pawn game"]
[ECO "A45"]
[NIC "QP.07"]
[Time "12:06:16"]
[PlyCount "72"]
[TimeControl "1800+5"]

1. d4 Nf6 2. Nc3 e6 3. Nf3 b6 4. Bg5 Bb7 5. e3 c5 6. Bd3 Be7 7. Be4 Bxe4 8.
Nxe4 Nxe4 9. Bxe7 Qxe7 10. dxc5 bxc5 11. O-O O-O 12. Ne5 Rd8 13. f3 Nf6 14.
c3 Nc6 15. Nxc6 dxc6 16. Qe2 e5 17. b4 cxb4 18. cxb4 Qxb4 19. Rfb1 Qe7 20.
Rb2 Rab8 21. Rxb8 Rxb8 22. f4 exf4 23. a4 Qxe3+ 24. Qxe3 fxe3 25. Re1 Re8
26. Rc1 e2 27. Kf2 Ng4+ 28. Ke1 Nxh2 29. a5 f5 30. a6 Re6 31. g3 g5 32. Rb1
f4 33. Rb8+ Kg7 34. Rb7+ Kf6 35. Rb1 fxg3 36. Rb7 Nf3# { White checkmated }
0-1

[Event "ICC tourney 2351 (30 5)"]
[Site "Internet Chess Club"]
[Date "2021.01.30"]
[Round "2"]
[White "BadChessNotGood"]
[Black "Iankhan"]
[Result "1/2-1/2"]
[ICCResult "Game drawn by mutual agreement"]
[WhiteElo "437"]
[BlackElo "1084"]
[Opening "Réti opening"]
[ECO "A04"]
[NIC "QP.11"]
[Time "12:05:23"]
[PlyCount "86"]
[TimeControl "1800+5"]

1. Nf3 e6 2. d4 d5 3. Bf4 Nf6 4. e3 c5 5. c4 Qb6 6. Qc2 Nc6 7. cxd5 exd5 8.
Bd3 Nb4 9. Qc3 Nxd3+ 10. Qxd3 Qxb2 11. Qc3 Qxc3+ 12. Nxc3 cxd4 13. Nxd4 Bb4
14. Ne2 Ne4 15. Rc1 O-O 16. O-O Be6 17. Rfd1 Nxc3 18. Nxc3 Rfd8 19. Nb5 Ba5
20. Nd6 b6 21. Nb7 Rd7 22. Nxa5 bxa5 23. Rc5 Rad8 24. h3 d4 25. Rb5 h6 26.
Rxa5 dxe3 27. Rxd7 Rxd7 28. Bxe3 Kh7 29. Rxa7 Rxa7 30. Bxa7 Bxa2 31. Kh2
Kg6 32. Kg3 f5 33. Be3 h5 34. Kh4 Bd5 35. g4 hxg4 36. hxg4 fxg4 37. Kxg4
Be6+ 38. Kf4 Kf6 39. Bd4+ Kf7 40. Kg5 Bd5 41. f4 Be6 42. Be5 g6 43. Kh6 Bf5
{ Game drawn by mutual agreement } 1/2-1/2

[Event "ICC tourney 2351 (30 5)"]
[Site "Internet Chess Club"]
[Date "2021.01.30"]
[Round "2"]
[White "Thisguy314"]
[Black "Smittyboy13"]
[Result "1-0"]
[ICCResult "Black checkmated"]
[WhiteElo "1063"]
[BlackElo "808"]
[Opening "two knights defense: Fegatello attack"]
[ECO "C57"]
[NIC "KP.01"]
[Time "12:06:01"]
[PlyCount "71"]
[TimeControl "1800+5"]

1. e4 e5 2. Nf3 Nc6 3. Bc4 Nf6 4. Ng5 d5 5. exd5 Nxd5 6. Nxf7 Kxf7 7. Qf3+
Qf6 8. Bxd5+ Be6 9. Bxe6+ Kxe6 10. Qb3+ Kd7 11. Nc3 Bc5 12. O-O b6 13. Ne4
Qe7 14. Qd5+ Bd6 15. b3 Raf8 16. Ba3 Rf4 17. Nxd6 cxd6 18. Rae1 Nb4 19.
Qb5+ Nc6 20. c3 Rhf8 21. d4 e4 22. d5 Ke8 23. Qxc6+ Kf7 24. Bxd6 Qe6 25.
Bxf4 Qxc6 26. dxc6 Rc8 27. c7 Ke7 28. Rxe4+ Kd7 29. Rd1+ Kc6 30. Rc4+ Kb7
31. Rd8 b5 32. Rxc8 Kxc8 33. Rb4 a6 34. Re4 a5 35. Re8+ Kd7 36. c8=Q# {
Black checkmated } 1-0